 Dungeon Crawl Stone Soup version 0.20.0-8-g6b59dc7 (webtiles) character file.

799 Chiseanne the Conjurer (level 7, -4/46 HPs)
             Began as a Demonspawn Wizard on June 1, 2017.
             Was an Initiate of Vehumet.
             Slain by a mummy (9 damage)
             ... in an ossuary.
             The game lasted 00:11:07 (7732 turns).

Chiseanne the Conjurer (Demonspawn Wizard)          Turns: 7732, Time: 00:11:07

Health: -4/46      AC:  5    Str: 12      XL:     7   Next: 59%
Magic:  5/16       EV: 12    Int: 24      God:    Vehumet [......]
Gold:   261        SH:  9    Dex: 10 (12) Spells: 10/18 levels left

rFire    . . .     SeeInvis .   a - +4 dagger (venom)
rCold    . . .     Gourm    .   (no shield)
rNeg     . . .     Faith    .   s - +0 robe
rPois    .         Spirit   .   b - +1 hat
rElec    .         Reflect  +   (no cloak)
rCorr    .         Harm     .   y - +1 pair of gloves
MR       .....                  (no boots)
Stlth    +++.......             m - +5 amulet of reflection
Regen    0.2/turn               e - +3 ring of intelligence
MPRegen  0.2/turn               x - ring of stealth

@: mighty
A: large bone plates 1, powered by pain 1
a: Renounce Religion


You were in an ossuary.
You worshipped Vehumet.
Vehumet was noncommittal.
You were not hungry.

You visited 2 branches of the dungeon, and saw 7 of its levels.
You also visited: Ossuary.

You collected 261 gold pieces.

Inventory:

Hand Weapons
 a - a +4 dagger of venom (weapon)
 g - a +2 short sword of flaming
Missiles
 i - 121 stones (quivered)
 r - 3 tomahawks
 t - 51 arrows
 v - 21 sling bullets
 w - 19 bolts
 z - 8 javelins
Armour
 b - a +1 hat (worn)
 s - a +0 robe (worn)
 y - a +1 pair of gloves (worn)
Jewellery
 e - a +3 ring of intelligence (left hand)
 m - a +5 amulet of reflection (around neck)
 x - a ring of stealth (right hand)
Wands
 c - a wand of flame (14/48)
Scrolls
 f - 4 scrolls of teleportation
 h - 8 scrolls of remove curse
 o - 3 scrolls of immolation
 B - a scroll of fog {unknown}
Potions
 l - a potion of curing {unknown}
 n - a potion of heal wounds {unknown}
 p - 3 potions of lignification
 q - a potion of might {unknown}
 u - a potion of brilliance {unknown}
Comestibles
 d - 4 bread rations
 k - 2 meat rations


   Skills:
 - Level 1.7 Dodging
 - Level 1.7 Stealth
 * Level 6.1 Spellcasting
 * Level 6.2 Conjurations
   Level 1.0 Summonings
 - Level 0.8 Translocations


You had 10 spell levels left.
You knew the following spells:

 Your Spells              Type           Power        Failure   Level  Hunger
a - Magic Dart            Conj           ####         1%          1    None
b - Blink                 Tloc           N/A          9%          2    None
c - Slow                  Hex            #.......     12%         2    None
d - Mephitic Cloud        Conj/Pois/Air  ###.....     10%         3    #......


Dungeon Overview and Level Annotations

Branches:
Dungeon (6/15)             Temple (1/1) D:4

Altars:
Ashenzari
Cheibriados
Sif Muna
Vehumet
Zin
The Shining One

Shops:
D:4 ?

Annotations:
D:3 Ijyb


Innate Abilities, Weirdness & Mutations

You are partially covered in large bone plates. (SH +4)
You sometimes gain a little power by taking damage.


Message History

Confirm with . or Enter, or press ? or * to list all spells.
Aiming: Magic Dart
Press: ? - help, Shift-Dir - straight line, f/p - mummy
Aim: a mummy (heavily damaged)
The magic dart hits the mummy.
The mummy is heavily damaged.
The mummy hits you!
* * * LOW HITPOINT WARNING * * *
You focus on the pain.
You feel very mighty all of a sudden. You block the mummy's attack.
Casting: Magic Dart
Confirm with . or Enter, or press ? or * to list all spells.
Aiming: Magic Dart
Press: ? - help, Shift-Dir - straight line, f/p - mummy
Aim: a mummy (heavily damaged)
The magic dart hits the mummy.
The mummy is heavily damaged.
The mummy hits you!
You die...

##.....##
#.......#
#.......#
#...∩...#
#.......#
#.^^∩...#
#.......#
#MM..^..#
##@....##
+...^.+
#...^.#
+.....+
#.....#
+.....+
#.....#
+.....+


You could see 2 mummies.

Vanquished Creatures
  3 scorpions
  A howler monkey (D:5)
  A jelly (D:5)
  A quasit (D:5)
  A hound (D:4)
  3 orc priests (D:4)
  An orc wizard (D:3)
  Terence (D:3)
  5 worker ants
  A mummy (Ossuary)
  2 worker ant zombies (D:5)
  8 adders
  A shadow imp (D:5)
  2 oozes (D:1)
  3 worms (D:2)
  3 dart slugs (D:1)
  3 leopard geckos
  19 orcs
  4 bats
  6 giant cockroaches
  9 goblins
  8 hobgoblins
  17 jackals
  2 quokkas
  2 ball pythons (D:1)
  7 frilled lizards
  8 kobolds
  A quokka zombie (D:4)
  8 rats
131 creatures vanquished.

Notes
Turn   | Place    | Note
-------+----------+-------------------------------------------
     0 | D:1      | Chiseanne the Demonspawn Wizard began the quest for the Orb.
     0 | D:1      | Reached XP level 1. HP: 13/13 MP: 4/4
   565 | D:1      | Gained mutation: You sometimes gain a little power by taking damage. [demonic ancestry]
   565 | D:1      | Reached XP level 2. HP: 14/19 MP: 1/6
  1304 | D:1      | Reached XP level 3. HP: 24/24 MP: 0/7
  2327 | D:2      | Reached XP level 4. HP: 25/30 MP: 1/9
  3216 | D:3      | Noticed Ijyb
  3484 | D:3      | Found a glowing golden altar of the Shining One.
  3705 | D:3      | Noticed Terence
  3717 | D:3      | Killed Terence
  3717 | D:3      | Reached XP level 5. HP: 21/35 MP: 7/11
  3845 | D:3      | Learned a level 2 spell: Blink
  3848 | D:3      | Learned a level 2 spell: Slow
  3852 | D:3      | Learned a level 3 spell: Mephitic Cloud
  4948 | D:4      | Reached XP level 6. HP: 25/41 MP: 1/13
  5294 | D:4      | Found Xecounny's Magic Scroll Emporium.
  5404 | D:4      | Reached skill level 5 in Spellcasting
  5611 | D:4      | Reached skill level 5 in Conjurations
  5879 | D:4      | Found a staircase to the Ecumenical Temple.
  5979 | Temple   | Entered the Ecumenical Temple
  5993 | Temple   | Became a worshipper of Vehumet
  6057 | D:4      | Found a glowing silver altar of Zin.
  6244 | D:5      | Entered Level 5 of the Dungeon
  6460 | D:5      | Gained mutation: You are partially covered in large bone plates. (SH +4) [demonic ancestry]
  6460 | D:5      | Reached XP level 7. HP: 46/46 MP: 9/15
  6892 | D:5      | Found a deep blue altar of Sif Muna.
  7704 | D:6      | Found a sand-covered staircase.
  7709 | Ossuary  | Entered an ossuary
  7732 | Ossuary  | Slain by a mummy

Skill      XL: |  1  2  3  4  5  6  7 |
---------------+----------------------+-----
Conjurations   | 2 3 4 5 6 |  6.2
Spellcasting   | 4 5 6 |  6.1
Dodging        | |  1.7
Stealth        | |  1.7
Summonings     | |  1.0
Translocations | |  0.8

Action                   |  1- 3 |  4- 6 |  7- 9 || total
-------------------------+-------+-------+-------++-------
Melee: Short sword       |    39 |    13 |       ||    52
       Unarmed           |     3 |     2 |       ||     5
       Dagger            |       |    66 |    30 ||    96
 Cast: Magic Dart        |   116 |   188 |    59 ||   363
       Mephitic Cloud    |       |     3 |       ||     3
  Use: Scroll            |     4 |     5 |     5 ||    14
  Eat: Chunk             |     4 |    13 |     4 ||    21
Armor: Robe              |     9 |    10 |    17 ||    36
Dodge: Dodged            |    35 |    48 |    27 ||   110
Block: Other             |       |    11 |    23 ||    34
       Reflection        |       |     1 |       ||     1
